cohdb
Replays
Latest Replays
All Replays
Popular Replays
Top Player Replays
Match Explorer
How It Works
Community
CoH3 Stats
Reddit
Sign in to upload your games and track your stats! →
Sign in with Steam
Match 44785250
Unlisted
Match 44785250
Overview
Messages
Build Orders
End
Panzergrenadier Squad
Kradschützen Motorcycle Team
250 Light Carrier
Construct Light Support Kompanie
Panzerjäger Squad
Combat Half-tracks
2.5-tonne Medical Truck
Panzerjäger Mechanized Group
Selects Panzerjäger Kommand Battlegroup
Selects Mine Fields
Fire Support Elements
Flakvierling Half-track
Advanced Field Repairs
Veteran Squad Leaders
Forward Retreat Point
Vehicle Survival Package
Construct Panzerarmee Kommand
Selects Defensive Positions
Selects Butterfly Bomb Drop
Butterfly Bomb Drop
Panzerjäger Mechanized Group
Q7PoloRalph_Trendsetter
Holo
Beary bear
Spacejelly
Der schöne Bob
gunther09 Nürnberg
Plepi
schuperman
0
0
Comments
sign in to comment!
No comments posted yet!